 Dungeon Crawl Stone Soup version 0.31.0-32-g396128a36d (webtiles) character file.

Game seed: 8432280243160427256

4904 Zibloq the Fighter (level 10, -3/49 (59) HPs)
             Began as a Vine Stalker Brigand on Mar 17, 2024.
             Was an Initiate of Gozag.
             Slain by Grum
             ... wielding a +1 spear of freezing
              (7 damage)
             ... on level 7 of the Dungeon.
             The game lasted 00:13:34 (6567 turns).

Zibloq the Fighter (Vine Stalker Brigand)           Turns: 6567, Time: 00:13:35

HP:   -3/49 (59)    AC: 12    Str: 15    XL:     10   Next: 51%
MP:   0/11          EV: 12    Int: 11    God:    Gozag
Gold: 399           SH:  6    Dex: 19    Spells: 9/9 levels left

rFire   . . .        b - +0 dagger (elec)
rCold   + . .        q - +0 buckler
rNeg    . . .        K - +2 ring mail "Onac" {rElec rC+}
rPois   .            m - +0 helmet
rElec   +            t - +2 cloak {Will+}
rCorr   .            s - +0 pair of gloves
SInv    .            (no boots)
Will    ++...        x - amulet of faith {!P}
Stlth   ++           (no ring)
HPRegen 1.08/turn    (no ring)
MPRegen 0.12/turn

%: guardian spirit, faith
@: gold aura, heavily drained
A: fangs 3, regeneration 1, magic shield, antimagic bite, no potion heal 2
a: Renounce Religion, Potion Petition, Call Merchant, Bribe Branch


You were on level 7 of the Dungeon.
You worshipped Gozag.
Gozag was aware of your devotion.
You visited 2 branches of the dungeon, and saw 9 of its levels.
You also visited: Bailey.

You collected 554 gold pieces.
You paid 155 gold pieces to Gozag.


Innate Abilities, Weirdness & Mutations

You have razor-sharp teeth.
Your natural rate of healing is unusually fast.
When hurt, damage is shared between your health and your magic reserves.
Your bite disrupts and absorbs the magic of your enemies.
Potions cannot restore your health.


   Skills:
 + Level 10.0 Fighting
 - Level 6.0 Short Blades
 - Level 1.7 Throwing
 - Level 4.0 Dodging
 - Level 5.0 Stealth
 - Level 5.0 Shields
 - Level 4.0 Evocations


You had 9 spell levels left.
You didn't know any spells.
Your spell library contained the following spells:

 Spells                   Type           Power      Damage    Failure   Level
 Apportation              Tloc           0%         N/A       67%         1
 Sandblast                Erth           0%         2d4       67%         1
 Ensorcelled Hibernation  Hex/Ice        0%         N/A       80%         2
 Jinxbite                 Hex            0%         N/A       80%         2
 Fugue of the Fallen      Necr           0%         N/A       95%         3
 Passwall                 Erth           0%         N/A       95%         3
 Stone Arrow              Conj/Erth      0%         3d7       95%         3
 Anguish                  Hex/Necr       0%         N/A       100%        4
 Brom's Barrelling Bould  Conj/Erth      0%         2d3       100%        4
 Ignite Poison            Fire/Alch      0%         N/A       100%        4
 Sticky Flame             Fire/Alch      0%         2d4       100%        4
 Alistair's Intoxication  Alch           0%         N/A       100%        5
 Ignition                 Fire           0%         3d3       100%        8

Inventory:

Hand Weapons
 a - a +2 dagger of freezing
 b - a +0 dagger of electrocution (weapon)
Missiles
 d - 25 poisoned darts
 e - 3 curare-tipped darts (quivered) {=f}
 u - 6 atropa-tipped darts
 L - a throwing net {=f}
Armour
 c - a +0 cloak
 m - a +0 helmet (worn)
 q - a +0 buckler (worn)
 s - a +0 pair of gloves (worn)
 t - a +2 cloak of willpower (worn)
 K - the +2 ring mail "Onac" (worn) {rElec rC+}
   (You found it on level 6 of the Dungeon)

   rC+:       It protects you from cold.
   rElec:     It insulates you from electricity.
Jewellery
 x - an amulet of faith (around neck) {!P}
 C - a ring of ice
Wands
 v - a wand of quicksilver (20)
 w - a wand of digging (2)
 z - a wand of mindburst (4)
 F - a wand of paralysis (11)
Scrolls
 h - 3 scrolls of brand weapon {unknown}
 k - 2 scrolls of fog {unknown}
 l - a scroll of blinking {unknown}
 r - 3 scrolls of enchant armour {unknown}
 y - 2 scrolls of immolation {unknown}
 B - a scroll of torment {unknown}
 D - a scroll of poison {unknown}
 H - a scroll of amnesia {unknown}
 J - 3 scrolls of enchant weapon {unknown}
Potions
 f - 4 potions of brilliance
 g - 2 potions of curing {unknown}
 i - a potion of might
 n - a potion of cancellation {unknown}
 o - 2 potions of lignification
 p - 2 potions of heal wounds {unknown}
 A - a potion of resistance {unknown}
 E - a potion of invisibility {unknown}
 I - a potion of enlightenment {unknown}

Dungeon Overview and Level Annotations

Branches:
Dungeon (8/15)             Temple (1/1) D:7          Bailey (visited)
   Lair: D:8-11

Altars:
Ashenzari
Cheibriados
Dithmenos
Elyvilon
Fedhas
Gozag
Hepliaklqana
Kikubaaqudgha
Makhleb
Nemelex Xobeh
Ru
Sif Muna
Trog
Vehumet
Wu Jian
Xom
Zin
The Shining One

Shops:
D:6 *

Annotations:
D:4 3 runed translucent doors, Minsecho's ghost, amateur OnGl; SirLogeyBear's ghost, amateur HOBe; brilapsti's ghost, amateur TrFi
D:7 Grum
D:8 Erica; Jeremiah

.......##########.# #.#######.#
.....###........#.# #.#.....#.#
..................# #.#...#.#.#
.....#........#.### #.###.#.#.#
.....#[[......#.# #.......#..
.....#.#'####.#.###########.#####
.....'.......>#........).........
.....#......#.#############.#####
.....##.....#..g@.......# #)#....
#######.....#.#########.# #.#.##.
#.....#.# #.# #.#.#.. #.....#.#
#.# #.#.#.. ###...#.#########.#
#.#.#.. #...............# #.#.#..
#####.########### #.#.#.. #.#
#.#.#.. ######'### #.#.#.#


You could see Grum.


Message History

You hit Grum. You bite Grum, but do no damage.
Grum is lightly wounded.
You block Grum's attack.
You hit Grum but do no damage. You bite Grum, but do no damage.
Grum is lightly wounded.
You hit Grum. You bite Grum, but do no damage.
Grum is lightly wounded.
Grum hits you but does no damage.
You hit Grum but do no damage. Lightning courses through Grum! You bite Grum!
You drain his power.
You feel invigorated.
Grum is severely wounded.
Grum misses you.
You barely miss Grum. You bite Grum. You drain his power.
Grum is severely wounded.
Grum hits you with a +1 spear of freezing!
* * * LOW HITPOINT WARNING * * *
Grum freezes you.
* * * LOW HITPOINT WARNING * * *
You hit Grum but do no damage. Lightning courses through Grum!
You bite Grum, but do no damage.
Grum is almost dead.
You barely miss Grum.
Grum is almost dead.
Grum hits you with a +1 spear of freezing.
* * * LOW HITPOINT WARNING * * *
You hit Grum but do no damage. You bite Grum, but do no damage.
Grum is almost dead.
Grum hits you with a +1 spear of freezing!
You die...
Your body crumbles into a pile of gold.

Skill      XL: |  1  2  3  4  5  6  7  8  9 10 |
---------------+-------------------------------+-----
Fighting       | 2 3 4 5 8 10 | 10.0
Short Blades   | 2 3 4 5 6 |  6.0
Shields        | 1 2 3 4 5 |  5.0
Evocations     | 3 4 |  4.0
Dodging        | 2 4 |  4.0
Stealth        | 5 |  5.0
Throwing       | |  1.7

Action                     |  1- 3 |  4- 6 |  7- 9 | 10-12 || total
---------------------------+-------+-------+-------+-------++-------
  Melee: Dagger            |   100 |   214 |   419 |   151 ||   884
         Bite              |    15 |    66 |   147 |    46 ||   274
  Throw: Dart              |       |    10 |    10 |       ||    20
  Evoke: Wand              |       |     3 |     3 |       ||     6
    Use: Scroll            |       |       |       |     3 ||     3
         Potion            |       |       |       |     1 ||     1
   Stab: Sleeping          |     5 |     3 |     2 |     5 ||    15
 Armour: Robe              |    35 |       |       |       ||    35
         Scale mail        |    21 |   117 |   113 |       ||   251
         Ring mail         |       |       |   111 |    84 ||   195
  Dodge: Dodged            |    49 |    57 |   169 |    71 ||   346
  Block: Buckler           |     9 |    31 |   105 |    38 ||   183

Levels and vault maps discovered:
D:1:      evilmike_arrival_hilbert_curve, layout_rooms
D:2:      layout_rooms
D:3:      layout_basic, bh_walls_and_bars
D:4:      minmay_razor_zed, layout_loops_cross, gammafunk_ghost_cemetery
D:5:      layout_loops_ring, uniq_duvessa, uniq_pikel
D:6:      layout_loops_ring, nicolae_shop_gadgets
D:7:      layout_basic, minmay_temple_entry_purple_smoke, enter_bailey_5,
          eino_jars
D:8:      layout_loops_ring, mainiacjoe_overflow_catwalk_spiral, serial_shops,
          nicolae_square_shop, nicolae_shop_hallway_plus, shop, uniq_grum,
          uniq_jeremiah, uniq_erica
Temple:   hc_temple_tempest_star

Notes
Turn   | Place    | Note
-------+----------+-------------------------------------------
     0 | D:1      | Zibloq the Vine Stalker Brigand began the quest for the
                  | Orb.
     0 | D:1      | Reached XP level 1. HP: 11/11 MP: 2/2
    35 | D:1      | Reached skill level 2 in Fighting
    47 | D:1      | Reached XP level 2. HP: 15/16 MP: 3/3
   204 | D:1      | Reached skill level 3 in Fighting
   341 | D:1      | Reached XP level 3. HP: 19/20 MP: 4/4
   343 | D:1      | Reached skill level 2 in Short Blades
   999 | D:3      | Reached skill level 1 in Shields
   999 | D:3      | Reached XP level 4. HP: 24/24 MP: 5/5
  1458 | D:4      | Reached skill level 3 in Short Blades
  1476 | D:4      | Reached skill level 2 in Shields
  1529 | D:4      | Reached XP level 5. HP: 20/28 MP: 4/6
  1821 | D:4      | Reached skill level 3 in Shields
  1832 | D:4      | Reached XP level 6. HP: 32/32 MP: 7/7
  1983 | D:4      | Reached skill level 4 in Shields
  2283 | D:4      | Found a runed translucent gate.
  2284 | D:4      | Found a runed translucent gate.
  2285 | D:4      | Found a runed translucent gate.
  2286 | D:4      | Noticed brilapsti's ghost (amateur TrFi)
  2287 | D:4      | Noticed SirLogeyBear's ghost (amateur HOBe)
  2287 | D:4      | Noticed Minsecho's ghost (amateur OnGl)
  2484 | D:5      | Entered Level 5 of the Dungeon
  2530 | D:5      | Noticed Pikel
  2749 | D:4      | Killed Pikel
  2750 | D:4      | Reached skill level 4 in Fighting
  2750 | D:4      | Reached skill level 4 in Short Blades
  2750 | D:4      | Reached skill level 3 in Evocations
  2750 | D:4      | Reached XP level 7. HP: 38/38 MP: 5/8
  2750 | D:4      | Gained mutation: You have razor-sharp teeth. [Vine Stalker
                  | growth]
  2750 | D:4      | Reached XP level 8. HP: 42/42 MP: 5/9
  2774 | D:4      | Reached skill level 5 in Fighting
  3132 | D:5      | Noticed Duvessa
  3148 | D:5      | Noticed Dowan
  3153 | D:5      | Killed Duvessa
  3154 | D:5      | Reached skill level 5 in Short Blades
  3192 | D:5      | Killed Dowan
  3193 | D:5      | Reached skill level 5 in Shields
  3241 | D:5      | Reached skill level 1 in Dodging
  3241 | D:5      | Reached skill level 5 in Stealth
  3792 | D:6      | Reached skill level 2 in Dodging
  3862 | D:6      | HP: 2/44 [acid (5)]
  3969 | D:6      | Reached XP level 9. HP: 47/48 MP: 10/10
  4033 | D:6      | Identified the +2 ring mail "Onac" {rElec rC+}
  4113 | D:6      | Found Useneyle's Gadget Gallery.
  4128 | D:6      | Reached skill level 6 in Fighting
  4145 | D:6      | Reached skill level 6 in Short Blades
  4145 | D:6      | Reached skill level 3 in Dodging
  4679 | D:7      | Found a flagged portal.
  4717 | Bailey   | Entered a bailey
  4787 | Bailey   | Reached skill level 4 in Dodging
  4873 | Bailey   | Reached skill level 4 in Evocations
  5000 | Bailey   | Noticed an orc knight
  5106 | Bailey   | Killed an orc knight
  5107 | Bailey   | Reached skill level 7 in Fighting
  5122 | Bailey   | Noticed an orc knight
  5142 | Bailey   | Killed an orc knight
  5143 | Bailey   | Reached skill level 8 in Fighting
  5143 | Bailey   | Reached XP level 10. HP: 20/57 MP: 5/11
  5431 | D:7      | Reached skill level 9 in Fighting
  5532 | D:7      | Found a staircase to the Ecumenical Temple.
  5543 | Temple   | Entered the Ecumenical Temple
  5550 | Temple   | Became a worshipper of Gozag Ym Sagoz the Greedy
  6288 | D:8      | Noticed Grum
  6291 | D:8      | Noticed Erica
  6384 | D:8      | Noticed Jeremiah
  6557 | D:7      | Reached skill level 10 in Fighting
  6559 | D:7      | HP: 4/49 [Grum/+1 spear of freezing (2)]
  6564 | D:7      | HP: 4/49 [Grum/+1 spear of freezing (4)]
  6567 | D:7      | Slain by Grum

Vanquished Creatures
  Pikel (D:4)
  2 orc knights (Bailey)
  A steam dragon (D:8)
  3 water moccasins
  An ice beast (D:6)
  Duvessa (D:5)
  A black bear (D:6)
  7 orc warriors (Bailey)
  A sky beast (D:5)
  3 wolves
  An ogre (D:6)
  2 lemures (D:4)
  5 scorpions
  2 bullfrogs (D:8)
  3 wights (D:7)
  Dowan (D:5)
  6 killer bees (D:7)
  A bombardier beetle (D:4)
  3 hounds
  2 orc priests
  A gnoll bouda (D:6)
  2 jellies
  4 iguanas
  2 sleepcaps
  5 orc wizards
  13 gnolls
  7 adders
  A shadow imp (D:7)
  2 white imps
  2 ufetubi (D:5)
  A ribbon worm (D:4)
  43 orcs
  9 endoplasms
  A giant cockroach (D:1)
  10 goblins
  8 hobgoblins
  2 jackals (D:3)
  10 kobolds
  3 quokkas
  5 ball pythons
  A bat (D:1)
  3 frilled lizards
  3 rats
185 creatures vanquished.

Vanquished Creatures (others)
  An orc wizard (D:3)
1 creature vanquished.

Grand Total: 186 creatures vanquished

Table legend: (Time is in decaauts)
 A = Elapsed time spent in this place.
 B = Non-inter-level travel time spent in this place.
 C = Inter-level travel time spent in this place.
 D = Time resting spent in this place.
 E = Time spent auto-exploring this place.
 F = Levels seen in this place.
 G = Mean time per level.
                   A        B        C        D        E       F      G
               +--------+--------+--------+--------+--------+-----+--------+
         Total |   6417 |   6131 |    286 |    478 |   3959 |  10 |  641.7 |
       Dungeon |   5852 |   5574 |    278 |    416 |   3717 |   8 |  731.5 |
        Temple |     14 |      7 |      7 |      0 |      0 |   1 |   14.0 |
        Bailey |    550 |    550 |      0 |     62 |    242 |   1 |  550.0 |
               +--------+--------+--------+--------+--------+-----+--------+

Top non-repeatable levels by time:
     D:4: 1346 daAuts
     D:7: 1148 daAuts
     D:5: 959 daAuts
     D:6: 878 daAuts
  Bailey: 550 daAuts
     D:3: 529 daAuts
     D:1: 462 daAuts
     D:2: 369 daAuts
     D:8: 158 daAuts
  Temple: 14 daAuts

Table legend:
 A = Non-vault XP
 B = Vault XP
 C = Vault XP percentage of total XP
 D = Non-vault monster count
 E = Vault monster count
 F = Vault count percentage of total count
                 A         B        C        D         E       F
            +---------+---------+-------+---------+---------+-------
      Total |    3072 |    3934 |  56.2 |     128 |      56 |  30.4
            +---------+---------+-------+---------+---------+-------
        D:1 |      36 |       0 |   0.0 |      21 |       0 |   0.0
        D:2 |       5 |       0 |   0.0 |       4 |       0 |   0.0
        D:3 |      93 |       0 |   0.0 |      17 |       0 |   0.0
        D:4 |     298 |     812 |  73.2 |      17 |      16 |  48.5
        D:5 |     582 |     201 |  25.7 |      28 |       2 |   6.7
        D:6 |     824 |       0 |   0.0 |      19 |       0 |   0.0
        D:7 |     878 |     608 |  40.9 |      19 |      12 |  38.7
        D:8 |     356 |     116 |  24.6 |       3 |       1 |  25.0
     Bailey |       0 |    2197 | 100.0 |       0 |      25 | 100.0
            +---------+---------+-------+---------+---------+-------
